 Dungeon Crawl Stone Soup version 0.31-a0-978-g1e14348 (webtiles) character file.

Game seed: 16105544307846955330

135 pengboon the Magician (level 4, 0/24 HPs)
             Began as a Deep Elf Hedge Wizard on Oct 30, 2023.
             Slain by a gnoll bouda
             ... wielding a +0 club
              (4 damage)
             ... on level 3 of the Dungeon.
             The game lasted 00:07:30 (3709 turns).

pengboon the Magician (Deep Elf Hedge Wizard)       Turns: 3709, Time: 00:07:31

Health: 0/24       AC:  4    Str:  9    XL:     4   Next: 96%
Magic:  5/13       EV: 14    Int: 19    God:
Gold:   103        SH:  0    Dex: 20    Spells: 7/13 levels left

rFire   . . .        u - +0 short sword
rCold   . . .        (no shield)
rNeg    . . .        t - +0 leather armour
rPois   .            c - +0 hat
rElec   .            x - scarf {+Inv}
rCorr   .            n - +0 pair of gloves
SInv    .            (no boots)
Will    .....        (no amulet)
Stlth   ++           o - +6 ring of dexterity
HPRegen 0.24/turn    p - ring of wizardry
MPRegen 0.13/turn

%: wizardry (x1)
@: no status effects
A: no striking features
a: Evoke Invisibility


You were on level 3 of the Dungeon.
You visited 1 branch of the dungeon, and saw 4 of its levels.

You collected 103 gold pieces.

Inventory:

Hand Weapons
 a - a +0 dagger
 m - a +0 short sword
 u - a +0 short sword (weapon)
 D - a +1 hand axe of flaming
 F - a +0 spear
Missiles
 i - 5 javelins
Armour
 b - a +0 robe
 c - a +0 hat (worn)
 n - a +0 pair of gloves (worn)
 r - a +0 ring mail
 t - a +0 leather armour (worn)
 x - a scarf of invisibility (worn)
 A - a +0 ring mail
 E - a +0 pair of gloves
Jewellery
 o - a +6 ring of dexterity (left hand)
 p - a ring of wizardry (right hand)
 C - a ring of fire
Wands
 q - a wand of flame (11)
Scrolls
 e - a scroll of silence {unknown}
 g - 2 scrolls of fear {unknown}
 h - 2 scrolls of enchant weapon {unknown}
 j - 2 scrolls of identify {unknown}
 l - a scroll of butterflies {unknown}
 v - a scroll of poison {unknown}
 y - a scroll of teleportation {unknown}
 B - a scroll of brand weapon {unknown}
Potions
 d - a potion of magic
 f - 2 potions of haste {unknown}
 k - 2 potions of enlightenment {unknown}
 s - a potion of lignification {unknown}
 w - a potion of curing {unknown}
 z - a potion of heal wounds {unknown}


   Skills:
 + Level 4.3 Dodging
 - Level 2.6 Stealth
 - Level 5.4 Spellcasting
 - Level 1.3 Conjurations
 + Level 2.1 Summonings
 + Level 2.1 Translocations


You had 7 spell levels left.
You knew the following spells:

 Your Spells              Type           Power      Damage    Failure   Level
a - Magic Dart            Conj           40%        1d5       4%          1
b - Blink                 Tloc           26%        N/A       4%          2
c - Call Imp              Summ           26%        N/A       4%          2
d - Slow                  Hex            20%        N/A       7%          1

Your spell library contained the following spells:

 Spells                   Type           Power      Damage    Failure   Level
 Cigotuvi's Dreadful Rot  Necr/Pois/Air  10%        N/A       11%         2
 Mephitic Cloud           Conj/Pois/Air  6%         N/A       16%         3


Dungeon Overview and Level Annotations

Branches:
Dungeon (4/15)
 Temple: D:4-7

Altars:
Ashenzari
Kikubaaqudgha
Makhleb
Qazlal
Uskayaw
Zin

Annotations:
D:3 exclusion: 2 downstairs


Message History

Press: ? - help, Shift-Dir - straight line, f - gnoll bouda
Aim: a gnoll bouda, wielding a +0 club and wearing a +0 leather armour (100% to hit)
The magic dart hits the gnoll bouda but does no damage.
The gnoll bouda hits you with a +0 club.
Casting: Magic Dart (safe; 4% risk of failure)
Confirm with . or Enter, or press ? or * to list all spells.
Aiming: Magic Dart (safe; 4% risk of failure)
Press: ? - help, Shift-Dir - straight line, f/p - gnoll bouda
Aim: a gnoll bouda, wielding a +0 club and wearing a +0 leather armour (100% to hit)
The magic dart hits the gnoll bouda but does no damage.
The gnoll bouda closely misses you.
Casting: Magic Dart (safe; 4% risk of failure)
Confirm with . or Enter, or press ? or * to list all spells.
Aiming: Magic Dart (safe; 4% risk of failure)
Press: ? - help, Shift-Dir - straight line, f/p - gnoll bouda
Aim: a gnoll bouda, wielding a +0 club and wearing a +0 leather armour (100% to hit)
The magic dart hits the gnoll bouda but does no damage.
The gnoll bouda hits you with a +0 club.
You barely miss the gnoll bouda. The gnoll bouda barely misses you.
You barely miss the gnoll bouda. The gnoll bouda barely misses you.
You hit the gnoll bouda.
The gnoll bouda is lightly wounded.
The gnoll bouda closely misses you.
You completely miss the gnoll bouda.
The gnoll bouda is lightly wounded.
The gnoll bouda barely misses you.
You hit the gnoll bouda but do no damage.
The gnoll bouda is lightly wounded.
The gnoll bouda hits you with a +0 club.
You hit the gnoll bouda but do no damage.
The gnoll bouda is lightly wounded.
The gnoll bouda misses you.
You hit the gnoll bouda but do no damage.
The gnoll bouda is lightly wounded.
The gnoll bouda hits you with a +0 club!
* * * LOW HITPOINT WARNING * * *
You hit the gnoll bouda.
The gnoll bouda is moderately wounded.
The gnoll bouda hits you with a +0 club.
You die...

###### .....#
####.### .#○...°#
.#.....### ...._....#
##.....#.# ###
#§...§#.# ##g##
###.###.#######@#.##
###..#..........###.#
.......#########.#.##
##.##### #........#
#.# #.#####..#
#.########.# #..#
##........)># #..#
##..#######.# #..#
....# ##.#<#####..#


You could see a gnoll bouda.

Vanquished Creatures
  A hound (D:4)
  3 gnolls (D:3)
  2 adders (D:3)
  A worm (D:2)
  A dart slug (D:1)
  3 orcs
  7 endoplasms
  3 giant cockroaches
  4 goblins
  5 hobgoblins
  3 quokkas
  3 ball pythons
  3 bats
  4 frilled lizards
  3 kobolds
  4 rats
50 creatures vanquished.

Notes
Turn   | Place    | Note
-------+----------+-------------------------------------------
     0 | D:1      | pengboon the Deep Elf Hedge Wizard began the quest for the
                  | Orb.
     0 | D:1      | Reached XP level 1. HP: 10/10 MP: 7/7
   182 | D:1      | Found a faded altar of an unknown god.
   306 | D:1      | Reached XP level 2. HP: 15/15 MP: 5/9
  1233 | D:2      | Reached skill level 5 in Spellcasting
  1330 | D:2      | Reached XP level 3. HP: 19/19 MP: 8/11
  1884 | D:3      | Found a glowing silver altar of Zin.
  1991 | D:3      | Found a burning altar of Makhleb.
  2088 | D:3      | Found a stormy altar of Qazlal.
  2088 | D:3      | Found a broken altar of Ashenzari.
  2164 | D:3      | Found a hide-covered altar of Uskayaw.
  2319 | D:3      | Learned a level 2 spell: Blink
  2322 | D:3      | Learned a level 2 spell: Call Imp
  2324 | D:3      | Learned a level 1 spell: Slow
  2433 | D:3      | Reached XP level 4. HP: 24/24 MP: 7/13
  2648 | D:3      | Found an ancient bone altar of Kikubaaqudgha.
  3032 | D:4      | Noticed an ogre
  3176 | D:4      | Found Fojask's Assorted Antiques.
  3709 | D:3      | Slain by a gnoll bouda

Illustrated notes

Levels and vault maps discovered:
D:1:      sevenhm_arrival_forest_fort_small_3, layout_basic,
          shapermc_ecumenical_altar_venn
D:2:      layout_rooms
D:3:      layout_loops_ring, bloody_makhleb, mainiacjoe_overflow_tiny_flanked,
          mainiacjoe_overflow_catwalk, nicolae_kikubaaqudgha_miasma_corner,
          mainiacjoe_overflow_large_starburst
D:4:      dreamdust_elfheim, layout_basic, serial_shops, nicolae_stop_n_shop_2

Skill      XL: |  1  2  3  4 |
---------------+-------------+-----
Dodging        | 3 4 |  4.3
Spellcasting   | 5 |  5.4
Summonings     | 2 |  2.1
Translocations | 2 |  2.1
Stealth        | |  2.6
Conjurations   | |  1.3

Action                     |  1- 3 |  4- 6 || total
---------------------------+-------+-------++-------
  Melee: Dagger            |    25 |       ||    25
         Punch             |     1 |       ||     1
         Short sword       |     7 |    15 ||    22
   Cast: Magic Dart        |   115 |    59 ||   174
         Slow              |       |     3 ||     3
         Blink             |       |     2 ||     2
         Call Imp          |       |     1 ||     1
 Armour: Robe              |    35 |     3 ||    38
         Leather armour    |       |    29 ||    29
  Dodge: Dodged            |    55 |    52 ||   107

Table legend: (Time is in decaauts)
 A = Elapsed time spent in this place.
 B = Non-inter-level travel time spent in this place.
 C = Inter-level travel time spent in this place.
 D = Time resting spent in this place.
 E = Time spent auto-exploring this place.
 F = Levels seen in this place.
 G = Mean time per level.
                   A        B        C        D        E       F      G
               +--------+--------+--------+--------+--------+-----+--------+
         Total |   3712 |   3551 |    161 |   1096 |   1801 |   4 |  928.0 |
       Dungeon |   3712 |   3551 |    161 |   1096 |   1801 |   4 |  928.0 |
               +--------+--------+--------+--------+--------+-----+--------+

Top non-repeatable levels by time:
     D:3: 1483 daAuts
     D:2: 966 daAuts
     D:1: 912 daAuts
     D:4: 351 daAuts
